| TOP OF THE 1ST |
|
Buffalo Bisons batting - Pitching for Tidewater Tides : RHP Bill Long
|
|
Pitching: RHP Bill Long
|
|
|
Batting: RHB Juan Villa
|
0-0: Ball 1-0: Ball 2-0: Ball 3-0: Called Strike 3-1: Fly out, F3 (Flyball, 3D, EV 90.6 MPH)
|
|
Batting: LHB Doe Boyland
|
0-0: SINGLE (Groundball, 4MD, EV 107.5 MPH)
|
|
Batting: SHB George D Wright
|
0-0: Called Strike 0-1: Ball 1-1: Ball 2-1: Foul Ball, location: 2F 2-2: Foul Ball, location: 2F 2-2: Fly out, F8 (Line Drive, 8LD, EV 85.0 MPH)
|
|
Batting: LHB Gary Rajsich
|
0-0: Called Strike 0-1: Called Strike Doe Boyland steals 2nd base (no throw) 0-2: SINGLE (Line Drive, 6D, EV 94.4 MPH) Doe Boyland to third Runner from 3rd tries for Home, SAFE, throw by LF to home
|
|
Batting: RHB Bill Bathe
|
0-0: Ball Gary Rajsich steals 2nd base (no throw) Balk! Gary Rajsich to third 1-0: Called Strike 1-1: Ball 2-1: SINGLE (Groundball, 4M, EV 84.4 MPH) (infield hit) Gary Rajsich scores
|
|
Batting: RHB John Seefried
|
0-0: Fly out, F8 (Flyball, 8RS, EV 90.6 MPH)
|
| Top of the 1st over - 2 runs, 3 hits, 0 errors, 1 left on base; Buffalo 2 - Tidewater 0 |
| BOTTOM OF THE 1ST |
|
Tidewater Tides batting - Pitching for Buffalo Bisons : RHP Bill Landrum
|
|
Pitching: RHP Bill Landrum
|
|
|
Batting: RHB Anthony Lachowetz
|
0-0: Foul Ball, location: 2F 0-1: Foul Ball, location: 2F 0-2: Ball 1-2: Strikes out swinging
|
|
Batting: RHB German Rivera
|
0-0: Ball 1-0: Ball 2-0: Called Strike 2-1: Ground out 6-3 (Groundball, 6M, EV 91.9 MPH)
|
|
Batting: RHB Brad Komminsk
|
0-0: Called Strike 0-1: Ball 1-1: Ball 2-1: Foul Ball, location: 2F 2-2: Foul Ball, location: 2F 2-2: Fly out, F9 (Flyball, 9, EV 95.0 MPH)
|
| Bottom of the 1st over - 0 runs, 0 hits, 0 errors, 0 left on base; Buffalo 2 - Tidewater 0 |
| TOP OF THE 2ND |
|
Buffalo Bisons batting - Pitching for Tidewater Tides : RHP Bill Long
|
|
Batting: RHB Pat Keedy
|
0-0: Called Strike 0-1: Fly out, F2 (Popup, 3SF, EV 80.6 MPH)
|
|
Batting: RHB Carlos Matamoros
|
0-0: Fly out, F7 (Flyball, 7LS, EV 78.1 MPH)
|
|
Batting: RHB John Denman
|
0-0: Swinging Strike 0-1: Swinging Strike 0-2: Ball 1-2: Ball 2-2: Foul Ball, location: 2F 2-2: Strikes out swinging
|
| Top of the 2nd over - 0 runs, 0 hits, 0 errors, 0 left on base; Buffalo 2 - Tidewater 0 |
| BOTTOM OF THE 2ND |
|
Tidewater Tides batting - Pitching for Buffalo Bisons : RHP Bill Landrum
|
|
Batting: LHB Dave Kable
|
0-0: Ball 1-0: SOLO HOME RUN (Flyball, 9D, EV 98.1 MPH), Distance : 369 ft
|
|
Batting: RHB Mike Rex
|
0-0: Ball 1-0: Called Strike 1-1: Fly out, F7 (Flyball, 7S, EV 88.8 MPH)
|
|
Batting: RHB George Gomez
|
0-0: Ball 1-0: Ball 2-0: Called Strike 2-1: Ground out U3 (Groundball, 34S, EV 83.8 MPH)
|
|
Batting: RHB Thomas Walker
|
0-0: Called Strike 0-1: Swinging Strike 0-2: Foul Ball, location: 2F 0-2: Ball 1-2: Strikes out swinging
|
| Bottom of the 2nd over - 1 run, 1 hit, 0 errors, 0 left on base; Buffalo 2 - Tidewater 1 |
| TOP OF THE 3RD |
|
Buffalo Bisons batting - Pitching for Tidewater Tides : RHP Bill Long
|
|
Batting: RHB Juan Villa
|
0-0: Ball 1-0: Ground out 1-3 (Groundball, 15S, EV 73.8 MPH)
|
|
Batting: LHB Doe Boyland
|
0-0: Ball 1-0: Ball 2-0: Ground out U3 (Groundball, 3L, EV 108.1 MPH)
|
|
Batting: SHB George D Wright
|
0-0: Called Strike 0-1: Swinging Strike 0-2: Foul Ball, location: 2F 0-2: Strikes out swinging
|
| Top of the 3rd over - 0 runs, 0 hits, 0 errors, 0 left on base; Buffalo 2 - Tidewater 1 |
| BOTTOM OF THE 3RD |
|
Tidewater Tides batting - Pitching for Buffalo Bisons : RHP Bill Landrum
|
|
Batting: SHB Julio Valdez
|
0-0: Called Strike 0-1: SINGLE (Flyball, 7LS, EV 94.4 MPH)
|
|
Batting: RHB Steve Liddle
|
0-0: Ball 1-0: Fly out, F8 (Flyball, 8RM, EV 93.8 MPH)
|
|
Batting: RHB Anthony Lachowetz
|
0-0: Foul Ball, location: 2F 0-1: DOUBLE (Flyball, 8RXD, EV 105.0 MPH) Julio Valdez to third Runner from 3rd tries for Home, SAFE, throw by CF to trailing runner, SAFE at third!
|
|
Batting: RHB German Rivera
|
0-0: Foul Ball, location: 2F 0-1: Ball Wild Pitch! Anthony Lachowetz scores 1-1: Ball 2-1: Foul Ball, location: 2F 2-2: Ground out 4-3 (Groundball, 4, EV 81.9 MPH)
|
|
Batting: RHB Brad Komminsk
|
0-0: Swinging Strike 0-1: Ball 1-1: Foul Ball, location: 2F 1-2: Ball 2-2: Strikes out swinging
|
| Bottom of the 3rd over - 2 runs, 2 hits, 0 errors, 0 left on base; Buffalo 2 - Tidewater 3 |
| TOP OF THE 4TH |
|
Buffalo Bisons batting - Pitching for Tidewater Tides : RHP Bill Long
|
|
Batting: LHB Gary Rajsich
|
0-0: Ball 1-0: Foul Ball, location: 2F 1-1: SINGLE (Groundball, 6MD, EV 104.4 MPH)
|
|
Batting: RHB Bill Bathe
|
0-0: Ball 1-0: Swinging Strike 1-1: Fly out, F6 (Popup, 6D, EV 65.0 MPH)
|
|
Batting: RHB John Seefried
|
0-0: Ball 1-0: SINGLE (Line Drive, 6MD, EV 95.0 MPH) Gary Rajsich to second Runner from 2nd tries for 3rd, SAFE, no throw by CF
|
|
Batting: RHB Pat Keedy
|
0-0: Foul Ball, location: 2F 0-1: Ball 1-1: Called Strike 1-2: Strikes out swinging
|
|
Batting: RHB Carlos Matamoros
|
0-0: Fly out, F5 (Line Drive, 5, EV 72.5 MPH)
|
| Top of the 4th over - 0 runs, 2 hits, 0 errors, 2 left on base; Buffalo 2 - Tidewater 3 |
| BOTTOM OF THE 4TH |
|
Tidewater Tides batting - Pitching for Buffalo Bisons : RHP Bill Landrum
|
|
Batting: LHB Dave Kable
|
0-0: Called Strike 0-1: Ball 1-1: Ball 2-1: Foul Ball, location: 2F 2-2: Foul Ball, location: 2F 2-2: Foul Ball, location: 2F 2-2: Foul Ball, location: 2F 2-2: Foul Ball, location: 2F 2-2: DOUBLE (Line Drive, 7LS, EV 106.3 MPH)
|
|
Batting: RHB Mike Rex
|
0-0: Fly out, F9 (Flyball, 89M, EV 86.9 MPH)
|
|
Batting: RHB George Gomez
|
0-0: Fly out, F7 (Flyball, 78D, EV 73.8 MPH)
|
|
Batting: RHB Thomas Walker
|
0-0: Called Strike 0-1: Fly out, F9 (Line Drive, 9D, EV 91.3 MPH)
|
| Bottom of the 4th over - 0 runs, 1 hit, 0 errors, 1 left on base; Buffalo 2 - Tidewater 3 |
| TOP OF THE 5TH |
|
Buffalo Bisons batting - Pitching for Tidewater Tides : RHP Bill Long
|
|
Batting: RHB John Denman
|
0-0: Ball 1-0: Foul Ball, location: 2F 1-1: Swinging Strike 1-2: Foul Ball, location: 2F 1-2: Strikes out swinging
|
|
Batting: RHB Juan Villa
|
0-0: Called Strike 0-1: Called Strike 0-2: Ball 1-2: Ball 2-2: Ball 3-2: Fly out, F9 (Flyball, 9S, EV 85.0 MPH)
|
|
Batting: LHB Doe Boyland
|
0-0: Ball 1-0: Ball 2-0: Foul Ball, location: 2F 2-1: Foul Ball, location: 2F 2-2: Foul Ball, location: 2F 2-2: SINGLE (Line Drive, 9S, EV 106.3 MPH)
|
|
Batting: SHB George D Wright
|
0-0: Fly out, F8 (Flyball, 78D, EV 97.5 MPH)
|
| Top of the 5th over - 0 runs, 1 hit, 0 errors, 1 left on base; Buffalo 2 - Tidewater 3 |
| BOTTOM OF THE 5TH |
|
Tidewater Tides batting - Pitching for Buffalo Bisons : RHP Bill Landrum
|
|
Batting: SHB Julio Valdez
|
0-0: Ball 1-0: Called Strike 1-1: Called Strike 1-2: SINGLE (Groundball, 4MD, EV 105.6 MPH)
|
|
Batting: RHB Steve Liddle
|
0-0: Ball 1-0: Bunt missed! 1-1: Ball 2-1: Bunt missed! 2-2: Ball 3-2: Base on Balls Julio Valdez to second
|
|
Batting: RHB Anthony Lachowetz
|
0-0: Ball 1-0: Foul Ball, location: 2F 1-1: Swinging Strike 1-2: Ball 2-2: Foul Ball, location: 2F 2-2: Strikes out swinging
|
|
Batting: RHB German Rivera
|
0-0: Fly out, F4 (Popup, 4MD, EV 56.3 MPH)
|
|
Batting: RHB Brad Komminsk
|
0-0: SINGLE (Flyball, 89S, EV 93.8 MPH) Julio Valdez to third Steve Liddle to second Runner from 3rd tries for Home, SAFE, throw by RF to home
|
|
Batting: LHB Dave Kable
|
0-0: Ball 1-0: Foul Ball, location: 2F 1-1: Ball 2-1: Ball 3-1: Foul Ball, location: 2F 3-2: Strikes out swinging
|
| Bottom of the 5th over - 1 run, 2 hits, 0 errors, 2 left on base; Buffalo 2 - Tidewater 4 |
| TOP OF THE 6TH |
|
Buffalo Bisons batting - Pitching for Tidewater Tides : RHP Bill Long
|
|
Batting: LHB Gary Rajsich
|
0-0: Called Strike 0-1: Ball 1-1: Ball 2-1: Ground out 4-3 (Groundball, 4M, EV 98.1 MPH)
|
|
Batting: RHB Bill Bathe
|
0-0: Fly out, F9 (Flyball, 9, EV 92.5 MPH)
|
|
Batting: RHB John Seefried
|
0-0: Ball 1-0: Ball 2-0: Fly out, F9 (Flyball, 9LS, EV 94.4 MPH)
|
| Top of the 6th over - 0 runs, 0 hits, 0 errors, 0 left on base; Buffalo 2 - Tidewater 4 |
| BOTTOM OF THE 6TH |
|
Tidewater Tides batting - Pitching for Buffalo Bisons : RHP Bill Landrum
|
|
Batting: RHB Mike Rex
|
0-0: Swinging Strike 0-1: Foul Ball, location: 2F 0-2: Ball 1-2: Strikes out swinging
|
|
Batting: RHB George Gomez
|
0-0: Called Strike 0-1: SINGLE (Line Drive, 4D, EV 100.6 MPH)
|
|
Batting: RHB Thomas Walker
|
0-0: Foul Ball, location: 2F 0-1: Foul Ball, location: 2F 0-2: Ball 1-2: Foul Ball, location: 2F 1-2: Grounds into double play, 5-4-3 (Groundball, 56S, EV 82.5 MPH)
|
| Bottom of the 6th over - 0 runs, 1 hit, 0 errors, 0 left on base; Buffalo 2 - Tidewater 4 |
| TOP OF THE 7TH |
|
Buffalo Bisons batting - Pitching for Tidewater Tides : RHP Bill Long
|
|
Batting: RHB Pat Keedy
|
0-0: Ball 1-0: SINGLE (Flyball, 78S, EV 88.8 MPH)
|
|
Batting: RHB Carlos Matamoros
|
0-0: Ball 1-0: Bunt missed! 1-1: Bunt missed! 1-2: SINGLE (Line Drive, 34, EV 96.3 MPH) Pat Keedy to second Runner from 2nd tries for 3rd, SAFE, no throw by RF
|
|
Pinch Hitting: LHB Phillip Baskerville
|
0-0: DOUBLE (Line Drive, 8LD, EV 101.9 MPH) Pat Keedy scores Carlos Matamoros to third
|
|
Batting: RHB Juan Villa
|
0-0: Called Strike 0-1: Called Strike 0-2: Ball 1-2: SINGLE (Flyball, 8RS, EV 91.3 MPH) Carlos Matamoros scores Phillip Baskerville to third
|
|
Batting: LHB Doe Boyland
|
0-0: Ball 1-0: Called Strike 1-1: Called Strike Juan Villa is caught stealing 2nd base 2-6 1-2: Strikes out swinging
|
|
Batting: SHB George D Wright
|
0-0: Called Strike 0-1: Ball 1-1: Swinging Strike 1-2: Foul Ball, location: 2F 1-2: Strikes out swinging
|
| Top of the 7th over - 2 runs, 4 hits, 0 errors, 1 left on base; Buffalo 4 - Tidewater 4 |
| BOTTOM OF THE 7TH |
|
Tidewater Tides batting - Pitching for Buffalo Bisons : RHP Bill Landrum
|
|
Now in RF: Phillip Baskerville
|
|
|
Batting: SHB Julio Valdez
|
0-0: Ground out 3-1 (Groundball, 34S, EV 81.9 MPH)
|
|
Batting: RHB Steve Liddle
|
0-0: Ball 1-0: Called Strike 1-1: Ball 2-1: Ground out 5-3 (Groundball, 56, EV 85.6 MPH)
|
|
Batting: RHB Anthony Lachowetz
|
0-0: Swinging Strike 0-1: Called Strike 0-2: Ball 1-2: Ball 2-2: Ground out 5-3 (Groundball, 56S, EV 68.8 MPH)
|
| Bottom of the 7th over - 0 runs, 0 hits, 0 errors, 0 left on base; Buffalo 4 - Tidewater 4 |
| TOP OF THE 8TH |
|
Buffalo Bisons batting - Pitching for Tidewater Tides : RHP Bill Long
|
|
Batting: LHB Gary Rajsich
|
0-0: SINGLE (Groundball, 3D, EV 98.1 MPH)
|
|
Batting: RHB Bill Bathe
|
0-0: Called Strike 0-1: Ball 1-1: Foul Ball, location: 2F 1-2: Ball 2-2: Ball Wild Pitch! Gary Rajsich to second 3-2: Fly out, F9 (Line Drive, 9, EV 95.0 MPH)
|
|
Batting: RHB John Seefried
|
0-0: Ball 1-0: Called Strike 1-1: Foul Ball, location: 2F 1-2: Ground out 6-3 (Groundball, 6, EV 86.9 MPH) Gary Rajsich to third
|
|
Batting: RHB Pat Keedy
|
0-0: Intentional Walk
|
|
Batting: RHB Carlos Matamoros
|
0-0: Ball 1-0: Ball 2-0: Swinging Strike 2-1: Called Strike 2-2: Foul Ball, location: 2F 2-2: Fly out, F8 (Flyball, 89S, EV 92.5 MPH)
|
| Top of the 8th over - 0 runs, 1 hit, 0 errors, 2 left on base; Buffalo 4 - Tidewater 4 |
| BOTTOM OF THE 8TH |
|
Tidewater Tides batting - Pitching for Buffalo Bisons : RHP Bill Landrum
|
|
Batting: RHB German Rivera
|
0-0: Called Strike 0-1: Swinging Strike 0-2: Strikes out looking
|
|
Batting: RHB Brad Komminsk
|
0-0: Swinging Strike 0-1: Ball 1-1: Foul Ball, location: 2F 1-2: SINGLE (Line Drive, 89S, EV 107.5 MPH)
|
|
Batting: LHB Dave Kable
|
0-0: Ball Brad Komminsk steals 2nd base (no throw) 1-0: Foul Ball, location: 2F 1-1: Ball 2-1: Ball 3-1: Called Strike 3-2: Foul Ball, location: 2F 3-2: Base on Balls
|
|
Batting: RHB Mike Rex
|
0-0: Ball Dave Kable steals 2nd base Brad Komminsk steals 3rd base 1-0: Ball 2-0: Called Strike 2-1: Called Strike 2-2: Foul Ball, location: 2F 2-2: TRIPLE (Flyball, 89XD, EV 106.9 MPH) Brad Komminsk scores Dave Kable scores
|
|
Batting: RHB George Gomez
|
0-0: Intentional Walk
|
|
Pitching: LHP Buddy Black
|
|
|
Batting: RHB Thomas Walker
|
0-0: Called Strike 0-1: Foul Ball, location: 2F 0-2: Foul Ball, location: 2F 0-2: Fly out, F8 (Flyball, 8RM, EV 85.0 MPH) Runner from 3rd tags up, SCORES, throw by CF
|
|
Batting: SHB Julio Valdez
|
0-0: Ball 1-0: Foul Ball, location: 2F 1-1: Ball 2-1: Ball 3-1: Base on Balls George Gomez to second
|
|
Batting: RHB Steve Liddle
|
0-0: Ball 1-0: Called Strike 1-1: Fly out, F4 (Popup, 4MD, EV 53.8 MPH)
|
| Bottom of the 8th over - 3 runs, 2 hits, 0 errors, 2 left on base; Buffalo 4 - Tidewater 7 |
| TOP OF THE 9TH |
|
Buffalo Bisons batting - Pitching for Tidewater Tides : RHP Bill Long
|
|
Pitching: RHP Salome Barojas
|
|
|
Now in RF: Juan Garcia
|
|
|
Batting: LHB Phillip Baskerville
|
0-0: Ball 1-0: Called Strike 1-1: Ball 2-1: Foul Ball, location: 2F 2-2: Ball 3-2: Ground out 6-3 (Groundball, 6, EV 91.3 MPH)
|
|
Batting: RHB Juan Villa
|
0-0: Ball 1-0: Reached via error on a dropped throw from 1B, E1 (Groundball, 34S, EV 81.3 MPH)
|
|
Batting: LHB Doe Boyland
|
0-0: Ball 1-0: Called Strike 1-1: Foul Ball, location: 2F 1-2: Ball 2-2: Strikes out swinging
|
|
Batting: SHB George D Wright
|
0-0: Called Strike 0-1: Swinging Strike 0-2: Ball 1-2: Strikes out swinging
|
| Top of the 9th over - 0 runs, 0 hits, 1 error, 1 left on base; Buffalo 4 - Tidewater 7 |
|